 Dungeon Crawl Stone Soup version 0.25-a0-663-gace7076f2c (webtiles) character file.

Game seed: 6210664125056784521, levelgen mode: deterministic

810 n0claF the Chopper (level 7, -4/62 HPs)
             Began as a Hill Orc Fighter on Mar 25, 2020.
             Was a Follower of Beogh.
             Killed from afar by Ijyb (6 damage)
             ... with a bolt of acid
             ... on level 5 of the Dungeon.
             The game lasted 00:09:49 (3976 turns).

n0claF the Chopper (Hill Orc Fighter)               Turns: 3976, Time: 00:09:50

Health: -4/62      AC: 15    Str: 21    XL:     7   Next: 92%
Magic:  7/7        EV:  6    Int:  8    God:    Beogh [*.....]
Gold:   186        SH: 10    Dex: 10    Spells: 6/6 levels left

rFire    . . .     SeeInvis .   a - +0 war axe
rCold    . . .     Gourm    .   c - +0 kite shield
rNeg     . . .     Faith    .   f - +3 chain mail
rPois    .         Spirit   .   (no helmet)
rElec    .         Reflect  .   (no cloak)
rCorr    .         Harm     .   m - +1 pair of gloves
MR       .....                  (no boots)
Stlth    ..........             o - amulet of regeneration {!d}
HPRegen  0.60/turn              (no ring)
MPRegen  0.10/turn              (no ring)

@: no status effects
A: no striking features
a: Renounce Religion


You were on level 5 of the Dungeon.
You worshipped Beogh.
Beogh was aware of your devotion.
You were hungry.

You visited 1 branch of the dungeon, and saw 5 of its levels.

You collected 186 gold pieces.

Inventory:

Hand Weapons
 a - a +0 war axe (weapon)
Missiles
 h - a throwing net (quivered) {!f}
Armour
 b - a +0 scale mail
 c - a +0 kite shield (worn)
 f - a +3 chain mail (worn)
   (You took it off an orc priest on level 4 of the Dungeon)
 m - a +1 pair of gloves (worn)
   (You found it on level 1 of the Dungeon)
Jewellery
 n - an uncursed amulet of the gourmand
   (You found it on level 2 of the Dungeon)
 o - an amulet of regeneration (around neck) {!d}
   (You found it on level 2 of the Dungeon)
 p - an uncursed ring of fire
   (You found it on level 2 of the Dungeon)
 w - the ring "Jyrej" {EV+4 Str+2 SInv, unknown}
   (You found it on level 4 of the Dungeon)

   [ring of evasion]

   It affects your evasion (+4).
   It affects your strength (+2).
   It lets you see invisible.
Wands
 r - a wand of polymorph (6)
   (You took it off Blork the orc on level 4 of the Dungeon)
 t - a wand of flame (12)
   (You found it on level 3 of the Dungeon)
Scrolls
 g - a scroll of blinking
 i - 3 scrolls of remove curse {@r2}
 j - a scroll of identify {@r1}
 v - a scroll of enchant armour
 x - a scroll of immolation {unknown}
 y - a scroll of random uselessness {unknown}
 z - a scroll of teleportation {unknown}
Potions
 d - 2 potions of might
 k - a potion of curing {unknown}
 l - a potion of degeneration {unknown}
 q - a potion of haste {unknown}
 s - a potion of lignification {unknown}
 u - a potion of mutation {unknown}
Comestibles
 e - 9 rations {!d}


   Skills:
 + Level 5.8 Fighting
 * Level 7.6 Axes
 + Level 5.3 Armour
 + Level 5.3 Shields


You had 6 spell levels left.
You didn't know any spells.
Your spell library was empty.

Dungeon Overview and Level Annotations

Branches:
Dungeon (5/15)
 Temple: D:4-7

Altars:
Fedhas
Hepliaklqana
Makhleb
Qazlal
Uskayaw
Yredelemnul
Zin

Annotations:
D:5 Ijyb


Message History

The ice beast hits you but does no damage.
You barely miss the ice beast.
The ice beast hits you but does no damage.
You slash the ice beast!
You kill the ice beast!
Beogh accepts your kill.
You miss something. You block something's attack.
You barely miss something. Something hits you but does no damage.
Your shield and chain mail prevent you from hitting something.
You block something's attack.
Unknown command.
You closely miss something. Something hits you but does no damage.
You miss something. Something hits you but does no damage.
You closely miss something. You block something's attack.
Something hits you but does no damage.
You closely miss something. Something hits you but does no damage.
You closely miss something. Something hits you but does no damage.
You closely miss something. Something hits you but does no damage.
You closely miss something.
You hear a zap.
A bolt of acid appears from out of thin air!
The bolt of acid hits you.
You are splashed with acid!
Unknown command.
You closely miss something. Something hits you but does no damage.
You barely miss something.
You hear a zap.
A bolt of acid appears from out of thin air!
The bolt of acid hits you!
You are splashed with acid!
Unknown command.
You hit something. Something hits you.
* * * LOW HITPOINT WARNING * * *
Your chain mail prevents you from hitting something.
You hear a zap.
A bolt of acid appears from out of thin air!
The bolt of acid hits you!!
* * * LOW HITPOINT WARNING * * *
You are splashed with acid!
* * * LOW HITPOINT WARNING * * *
You hear a zap.
A bolt of acid appears from out of thin air!
The bolt of acid hits you.
You die...

♣. ♣. ♣.
♣♣♣.#####
..♣
....>..
#....#.#.#
#.....#
###?#{#
...#@#
...#.#.#
.........#
#### ##..#
#..# #..#
#..# #..#


There were no monsters in sight!

Vanquished Creatures
  An ice beast (D:5)
  An ogre (D:4)
  A big kobold (D:3)
  Blork the orc (D:4)
  3 orc priests (D:4)
  3 orc wizards
  5 worker ants (D:4)
  7 gnolls
  5 adders
  3 oozes
  4 worms
  2 leopard geckos
  7 orcs
  14 bats
  12 giant cockroaches
  5 goblins
  8 hobgoblins
  2 quokkas (D:4)
  6 frilled lizards
  A jackal skeleton (D:4)
  8 kobolds
  6 rats
105 creatures vanquished.

Vanquished Creatures (others)
  An orc priest (D:3)
  An orc wizard (D:3)
  4 orcs (D:3)
  A ball python (D:3)
  A rat (D:3)
8 creatures vanquished.

Grand Total: 113 creatures vanquished

Notes
Turn   | Place    | Note
-------+----------+-------------------------------------------
     0 | D:1      | n0claF the Hill Orc Fighter began the quest for the Orb.
     0 | D:1      | Reached XP level 1. HP: 19/19 MP: 1/1
    58 | D:1      | Reached skill level 3 in Axes
    95 | D:1      | Reached XP level 2. HP: 24/27 MP: 2/2
   286 | D:1      | Reached XP level 3. HP: 33/33 MP: 3/3
   886 | D:2      | Reached skill level 4 in Axes
   992 | D:2      | Reached XP level 4. HP: 40/40 MP: 4/4
  1017 | D:2      | Found a blossoming altar of Fedhas.
  1209 | D:2      | HP: 2/40 [something (2)]
  1211 | D:2      | Reached XP level 5. HP: 3/47 MP: 5/5
  1758 | D:2      | Reached skill level 5 in Axes
  2184 | D:3      | Became a worshipper of Beogh the Brigand
  2311 | D:3      | Noticed a big kobold
  2324 | D:3      | Killed a big kobold
  2324 | D:3      | Reached XP level 6. HP: 51/55 MP: 6/6
  2371 | D:3      | Found a glowing silver altar of Zin.
  2371 | D:3      | Found a burning altar of Makhleb.
  2372 | D:3      | Noticed a balrug
  2372 | D:3      | Noticed an angel
  2418 | D:3      | Found a basalt altar of Yredelemnul.
  2635 | D:3      | Found a stormy altar of Qazlal.
  2957 | D:4      | Reached skill level 5 in Fighting
  2957 | D:4      | Reached skill level 6 in Axes
  3118 | D:4      | Found the +3 giant club "Skullcrusher" {speed, Str+7}
  3171 | D:4      | Noticed Blork the orc
  3176 | D:4      | Killed Blork the orc
  3176 | D:4      | Reached XP level 7. HP: 50/61 MP: 7/7
  3262 | D:4      | Got a scorched amber ring
  3300 | D:4      | Reached * piety under Beogh
  3348 | D:4      | Reached skill level 5 in Armour
  3348 | D:4      | Reached skill level 5 in Shields
  3354 | D:4      | Reached skill level 7 in Axes
  3473 | D:4      | Noticed a +0 hand axe
  3473 | D:4      | Noticed a +0 hand axe
  3474 | D:4      | Found a hide-covered altar of Uskayaw.
  3802 | D:4      | Found a hazy altar of Hepliaklqana.
  3947 | D:5      | Entered Level 5 of the Dungeon
  3948 | D:5      | Noticed Ijyb
  3976 | D:5      | HP: 2/62 [acid (11)]
  3976 | D:5      | Killed from afar by Ijyb

Levels and vault maps discovered:
D:1:      enne_arrival_octagon_isle, layout_loops_ring
D:2:      layout_basic, fedhas_altar_4
D:3:      layout_rooms, grunt_temple_overflow_order_and_chaos_2,
          lemuel_round_altar, yredelemnul_altar_generic, due_unseen_surprise
D:4:      layout_loops_ring, kennysheep_little_box, dancing_weapons_uskayaw,
          first_ration, nrook_uturn, uniq_blork_the_orc
D:5:      layout_basic, cheibriados_altar_1, nrook_campfire, minivault_5,
          uniq_grinder, uniq_ijyb

Skill      XL: |  1  2  3  4  5  6  7 |
---------------+----------------------+-----
Axes           | 3 4 5 6 7 |  7.6
Fighting       | 4 5 |  5.8
Armour         | 4 5 |  5.3
Shields        | 4 5 |  5.3

Action                   |  1- 3 |  4- 6 |  7- 9 || total
-------------------------+-------+-------+-------++-------
Melee: War axe           |   123 |   192 |   112 ||   427
Invok: Convert to Beogh  |       |     1 |       ||     1
  Use: Scroll            |       |     8 |       ||     8
       Potion            |       |       |     1 ||     1
  Eat: Chunk             |     1 |     7 |     2 ||    10
Armor: Scale mail        |    61 |   103 |    20 ||   184
       Chain mail        |       |       |    15 ||    15
Dodge: Dodged            |    32 |    46 |    24 ||   102
Block: Kite shield       |    79 |    92 |    50 ||   221

Table legend:
 A = Non-vault XP
 B = Vault XP
 C = Vault XP percentage of total XP
 D = Non-vault monster count
 E = Vault monster count
 F = Vault count percentage of total count
                 A         B        C        D         E       F
            +---------+---------+-------+---------+---------+-------
      Total |    1068 |      90 |   7.8 |     104 |       1 |   1.0
            +---------+---------+-------+---------+---------+-------
        D:1 |      47 |       0 |   0.0 |      28 |       0 |   0.0
        D:2 |     216 |       0 |   0.0 |      30 |       0 |   0.0
        D:3 |     155 |       0 |   0.0 |      24 |       0 |   0.0
        D:4 |     518 |      90 |  14.8 |      21 |       1 |   4.5
        D:5 |     132 |       0 |   0.0 |       1 |       0 |   0.0
            +---------+---------+-------+---------+---------+-------
